 Dungeon Crawl Stone Soup version 0.30-a0-779-g7971cf19c3 (webtiles) character file.

Game seed: 11746619698099917044

42 cforsyth the Conjurer (level 3, 0/33 HPs)
             Began as a Tengu Reaver on Feb 17, 2023.
             Succumbed to an adder's poison
             ... on level 2 of the Dungeon.
             The game lasted 00:02:38 (1252 turns).

cforsyth the Conjurer (Tengu Reaver)                Turns: 1252, Time: 00:02:39

Health: 0/33       AC:  3    Str: 12    XL:     3   Next: 54%
Magic:  7/7        EV: 12    Int: 13    God:
Gold:   136        SH:  0    Dex: 14    Spells: 6/7 levels left

rFire   . . .      SeeInvis .    a - +0 falchion
rCold   . . .      Faith    .    (no shield)
rNeg    . . .      Spirit   .    b - +0 leather armour
rPois   .          Reflect  .    (helmet restricted)
rElec   .          Harm     .    (no cloak)
rCorr   .          Rampage  .    (no gloves)
Will    .....                    (boots unavailable) Stlth
                                 (no amulet)
HPRegen 0.25/turn                (no ring)
MPRegen 0.10/turn                (no ring)

@: berserking, lethally poisoned (0 -> -1), flying, studying Poison Magic, very
quick
A: beak, talons 3
a: no special abilities


You were on level 2 of the Dungeon.
You visited 1 branch of the dungeon, and saw 2 of its levels.

You collected 136 gold pieces.

Inventory:

Hand Weapons
 a - a +0 falchion (weapon)
Armour
 b - a +0 leather armour (worn)
Scrolls
 c - a scroll of poison {unknown}
 e - a scroll of teleportation {unknown}
 f - a scroll of vulnerability {unknown}
 h - a scroll of blinking {unknown}
Potions
 i - a potion of brilliance {unknown}
 j - a potion of ambrosia {unknown}


   Skills:
 + Level 2.6 Fighting
 - Level 3.4 Long Blades
 - Level 2.2 Dodging
 + Level 2.5 Spellcasting
 + Level 4.6 Conjurations


You had 6 spell levels left.
You knew the following spells:

 Your Spells              Type           Power      Damage    Failure   Level
a - Kiss of Death         Conj/Necr      28%        2d7       12%         1

Your spell library contained the following spells:

 Spells                   Type           Power      Damage    Failure   Level
 Momentum Strike          Conj/Tloc      14%        3d8       19%         2
 Hailstorm                Conj/Ice       7%         3d4       34%         3


Dungeon Overview and Level Annotations

Branches:
Dungeon (2/15)

Altars:


Innate Abilities, Weirdness & Mutations

You have a beak for a mouth.
You have claws for feet.


Message History

You are too injured to fight recklessly!
You are too injured to fight recklessly!
You are too injured to fight recklessly!
You are too injured to fight recklessly!
You are too injured to fight recklessly!
You are too injured to fight recklessly!
You are too injured to fight recklessly!
You are too injured to fight recklessly!
You are too injured to fight recklessly!
You are too injured to fight recklessly!
You closely miss the adder.
You feel very sick. The adder barely misses you.
You slash the adder! Your kick misses the adder. You peck the adder.
You kill the adder!
* * * LOW HITPOINT WARNING * * *
You feel very sick.
Found a whip.
* * * LOW HITPOINT WARNING * * *
You feel sick.
You see here an adder corpse.
* * * LOW HITPOINT WARNING * * *
You feel sick.
* * * LOW HITPOINT WARNING * * *
You feel sick.
It was a potion of flight.
You feel very buoyant.
You fly up into the air.
* * * LOW HITPOINT WARNING * * *
You feel sick.
It was a potion of berserk rage.
A red film seems to cover your vision as you go berserk!
You feel yourself moving faster!
You feel mighty!
* * * LOW HITPOINT WARNING * * *
You feel sick.
You are too berserk!
You are too berserk!
You are too berserk!
You feel a strong urge to attack something.
You die...

#.##...........#....
#................>..
##############........#.
#...........##.###.#..#.
#............#.# #.#..#.
#.........$..#.# #.#..#.
#)......<....#.# #.##...
#...........##.# #.##
#......@†...'..#
#...........####
######.#+#### #.# #.#
#.# ..# ###


There were no monsters in sight!

Vanquished Creatures
  A gnoll (D:1)
  An adder (D:2)
  A worm (D:2)
  4 endoplasms
  A giant cockroach (D:1)
  A goblin (D:1)
  2 hobgoblins (D:1)
  2 kobolds (D:1)
  A quokka (D:1)
  3 bats
  A frilled lizard (D:1)
  A rat (D:1)
19 creatures vanquished.

Notes
Turn   | Place    | Note
-------+----------+-------------------------------------------
     0 | D:1      | cforsyth the Tengu Reaver began the quest for the Orb.
     0 | D:1      | Reached XP level 1. HP: 12/12 MP: 4/4
   275 | D:1      | Reached XP level 2. HP: 17/17 MP: 6/6
   678 | D:1      | Reached XP level 3. HP: 21/22 MP: 7/7
  1250 | D:2      | HP: 1/22 [poisoned by an adder]
  1252 | D:2      | Succumbed to an adder's poison

Illustrated notes

Levels and vault maps discovered:
D:1:      wander_arrival_lonely_grave, layout_loops_corners,
          nicolae_concentric_dashed_squares_mild, st_stairs_8
D:2:      layout_basic

Action                     || total
---------------------------++-------
  Melee: Falchion          ||    48
         Kick              ||     6
         Peck              ||     4
    Use: Potion            ||     2
   Stab: Sleeping          ||     1
 Armour: Leather armour    ||    11
  Dodge: Dodged            ||    28

Table legend: (Time is in decaauts)
 A = Elapsed time spent in this place.
 B = Non-inter-level travel time spent in this place.
 C = Inter-level travel time spent in this place.
 D = Time resting spent in this place.
 E = Time spent auto-exploring this place.
 F = Levels seen in this place.
 G = Mean time per level.
                   A        B        C        D        E       F      G
               +--------+--------+--------+--------+--------+-----+--------+
         Total |   1257 |   1224 |     33 |      0 |   1063 |   2 |  628.5 |
       Dungeon |   1257 |   1224 |     33 |      0 |   1063 |   2 |  628.5 |
               +--------+--------+--------+--------+--------+-----+--------+

Top non-repeatable levels by time:
     D:1: 909 daAuts
     D:2: 348 daAuts
